AoeStats
← sefve

Arena

504239722Analyzed
1v1 RM · 26d ago on Sep 4, 2026· 42m 10s· 2 players
Game mode
Random Map
Map size
Tiny (2 player)
Population
200
Speed
Normal
Resources
Standard
Victory
Conquest
Starting age
Dark Age
Ending age
Imperial Age
RankedLock teamsTeams togetherTeam positionsShared explorationLock speedFull tech treeHidden civsTurbo modeCheats
Victory
Defeat
🇺🇸 Bohemians · United States
1205
+15
🇪🇸 Koreans · Spain
1184
-15
sefve
10:11 Feudal Age
14:26 Castle Age
12:33 Double-Bit Axe
13:14 Horse Collar
19:13 Loom
26:05 Gold Mining
31:48 Fletching
32:48 Ballistics
37:17 Elite Skirmisher
38:28 Thumb Ring
Ultros
9:37 Feudal Age
9:25 Loom
13:32 Castle Age
12:06 Double-Bit Axe
15:28 Fervor
15:39 Sanctity
18:16 Redemption
21:31 Chemistry
22:09 Bow Saw
21:41 Horse Collar
31:36 Imperial Age
30:47 Wheelbarrow
30:00 Town Watch
30:42 Padded Archer Armor
30:54 Heavy Plow
32:41 Leather Archer Armor
36:57 Hand Cart
38:31 Ring Archer Armor
Connection lost

Rejoining the realm…

Still unreachable

The connection could not be restored.

Session expired

The server has moved on; the page needs a fresh start.